Karl, neutral female human Cavewoman .... ...... ........- -...--..... |...||...... ---...--......... |..)............*. -..|<------.....%. ...|-- |....-- --- ---%--- |.@.--- ---)..| |...| ----- Karl the Wanderer Experience level: 6 Strength: 18 Dexterity: 15 Constitution: 17 Intelligence: 8 Wisdom: 11 Charisma: 8 Health: 0(55) Energy: 29(29) Def: 7 Gold: 271 Moves: 1928 Dungeon seed: d31VxbCHtISZb0wM Game ID: Karl_1520292306 Your Inventory: Coins $ - 271 gold pieces Weapons a - a +1 club (weapon in hand) b - a +2 sling l - 22 +0 darts m - a +1 elven dagger o - 4 +0 daggers x - 8 cursed +0 darts J - 6 blessed +2 darts Armor q - an uncursed +0 leather armor (being worn) w - an uncursed +1 dwarvish iron helm (being worn) y - an uncursed +0 pair of iron shoes (being worn) Scrolls k - an uncursed scroll of remove curse B - a cursed scroll of destroy armor H - an uncursed scroll of scare monster Spellbooks g - an uncursed spellbook of create monster h - an uncursed spellbook of restore ability Potions K - a cursed potion of paralysis Rings f - an uncursed ring of levitation Tools i - an uncursed credit card p - 4 blessed tallow candles (0:200) t - a cursed tallow candle (0:200) C - a +0 pick-axe D - an uncursed partly used wax candle (lit) (0:330) E - an uncursed tallow candle (0:200) G - an uncursed credit card Gems e - 13 uncursed flint stones (in quiver) n - 16 uncursed rocks r - an uncursed worthless piece of black glass s - an uncursed worthless piece of orange glass A - an uncursed jet stone F - 2 uncursed worthless pieces of white glass N - 3 uncursed worthless pieces of yellowish brown glass Y - an uncursed emerald Spells and supernatural/magical abilities: Name Level Category Fail Memory W - pray for help -- divine ? -- Your skills at the end: Fighting Skills bare handed combat [Basic] Weapon Skills club [Basic] sling [Basic] Spellcasting Skills Final Attributes: You were piously aligned. You were telepathic. You are dead. Vanquished creatures: a wood nymph a violet fungus 5 gnome lords a gnomish wizard a kobold mummy a black naga hatchling 2 ghouls a little dog a floating eye 8 dwarves a rabid rat a gas spore a hobbit a red mold 22 gnomes 3 geckos 6 jackals a fox 3 kobolds 3 goblins 3 grid bugs 3 lichens 2 kobold zombies a newt 73 creatures vanquished. Voluntary challenges: You had been an atheist until turn 1908. You used a wielded weapon 70 times, starting on turn 283. You were illiterate. You never genocided any monsters. You never polymorphed an object. You never changed form. You used no wishes. You never split a pudding. You never wrote Elbereth's name. You never violated your personal moral code. Dungeon overview: The Dungeons of Doom: levels 1 to 3 Level 1 a long staircase Level 2 Level 3 a fountain stairs to The Gnomish Mines The Gnomish Mines: levels 4 to 6 Level 4 stairs to The Dungeons of Doom Level 5 Level 6 <- You were here History has recorded: On T:1 you entered the Dungeons of Doom to retrieve the Amulet of Yendor! On T:401 you reached level 2 of The Dungeons of Doom. On T:402 you advanced to experience level 2. On T:687 you reached level 3 of The Dungeons of Doom. On T:829 you advanced to experience level 3. On T:902 you reached level 1 of The Gnomish Mines. On T:933 you advanced to experience level 4. On T:1301 you reached level 2 of The Gnomish Mines. On T:1308 you advanced to experience level 5. On T:1566 you advanced to experience level 6. On T:1857 you reached level 3 of The Gnomish Mines. Score breakdown: Gold: 271 ( 8281 points) Experience: 6 levels (12456 points) Exploration: 6 levels ( 12.00%) ( 9583 points) Discoveries: 4 items ( 1.34%) ( 3469 points) Valuables value: (no points given unless you survive) Artifact value: 0 ( 0 points) Variety of kills: 24 monsters ( 6.30%) ( 7529 points) Turncount: 1928 turns ( 0 points) Survival: died (score multiplied by 80%) Total score: 33054 Latest messages: The gnome lord picks up a black gem. You hit the gnome lord. The gnome lord hits! You hit the gnome lord. You hear a nearby zap. The wand hits it. (2x) The wand hits the gnome lord! The gnome lord is killed! The dwarf picks up a black gem. You hit the dwarf! You hear a nearby zap. The wand hits it. The wand hits the dwarf! The dwarf is killed! The gnome picks up a hooded cloak. The gnome puts on a hooded cloak. You kill the gnome! You hear a nearby zap. The wand hits you! You hear a nearby zap. The wand hits you! You die... Final status: Goodbye Karl the Cavewoman, killed by a wand... You died in The Gnomish Mines on dungeon level 6 with 33054 points, and 271 pieces of gold, after 1928 moves. You were level 6 with a maximum of 55 hit points when you died.